 Dungeon Crawl Stone Soup version 0.19.0-20-gbc5f0c6 (console) character file.

389 Jesseh the Chopper (level 6, -6/57 HPs)
             Began as a Deep Dwarf Fighter on Nov 17, 2016.
             Mangled by an orc warrior
             ... wielding a +0 short sword
              (11 damage)
             ... on level 6 of the Dungeon.
             The game lasted 00:25:02 (3402 turns).

Jesseh the Chopper (Deep Dwarf Fighter)             Turns: 3402, Time: 00:25:02

Health: -6/57      AC: 10    Str: 19    XL:     6   Next: 50%
Magic:  6/6        EV:  8    Int:  9    God:
Gold:   257        SH:  9    Dex: 14    Spells: 0 memorised, 5 levels left

rFire  + + .     SeeInvis .     a - +0 war axe
rCold  . . .     Gourm    .     K - +2 ring mail {rF+}
rNeg   . . .     Faith    .     c - +0 shield
rPois  .         Spirit   .     (no helmet)
rElec  .         Reflect  .     (no cloak)
rCorr  .         Harm     .     (no gloves)
MR     .....                    (no boots)
Stlth  +.........               (no amulet)
                                I - ring of protection from fire
                                h - +2 ring of protection

@: non-regenerating
A: damage resistance, recharge devices, sense surroundings 1, slow regeneration
3
a: Device Recharging


You were on level 6 of the Dungeon.
You were not hungry.

You visited 1 branch of the dungeon, and saw 5 of its levels.

You collected 257 gold pieces.

Inventory:

Hand Weapons
 a - a +0 war axe (weapon)
 y - a +0 hunting sling
   (You found it on level 3 of the Dungeon)
 G - a +1 dagger of venom
   (You found it on level 4 of the Dungeon)
Missiles
 g - 55 sling bullets (quivered)
 m - a throwing net
Armour
 b - a +0 scale mail
 c - a +0 shield (worn)
 K - a +2 ring mail of fire resistance (worn)
   (You found it on level 4 of the Dungeon)
Jewellery
 h - a +2 ring of protection (left hand)
   (You found it on level 1 of the Dungeon)
 I - a ring of protection from fire (right hand)
   (You found it on level 4 of the Dungeon)
Wands
 e - a wand of heal wounds (3/9)
 l - a wand of slowing (15/48)
   (You found it on level 4 of the Dungeon)
 x - a wand of flame (25/48)
   (You found it on level 3 of the Dungeon)
 D - a wand of lightning (2/15)
   (You found it on level 3 of the Dungeon)
 L - a wand of paralysis (7/24)
   (You found it on level 4 of the Dungeon)
Scrolls
 j - 3 scrolls of identify
 p - 2 scrolls of fear {unknown}
 q - 2 scrolls of blinking {unknown}
 s - 2 scrolls of noise {unknown}
 A - 2 scrolls of teleportation {unknown}
 C - a scroll of enchant armour {unknown}
 E - a scroll of enchant weapon {unknown}
 F - a scroll of remove curse {unknown}
Potions
 d - 2 potions of might
 i - 2 potions of lignification {unknown}
 k - a potion of haste {unknown}
 n - a potion of brilliance {unknown}
 o - 2 potions of mutation {unknown}
 t - 3 potions of cancellation {unknown}
 u - 2 potions of invisibility {unknown}
 v - a potion of curing {unknown}
 B - 2 potions of flight {unknown}
Comestibles
 f - 2 bread rations
 r - a royal jelly
 w - a beef jerky
 z - a meat ration
 H - a slice of pizza
 J - 3 chunks of flesh


   Skills:
 + Level 3.9 Fighting
 * Level 5.9 Axes
 + Level 4.7 Armour
 - Level 3.2 Shields


You had 5 spell levels left.
You didn't know any spells.

Dungeon Overview and Level Annotations

Branches:
Dungeon (4/15)
 Temple: D:4-7

Altars:


Innate Abilities, Weirdness & Mutations

You are resistant to damage.
You can recharge devices by infusing magical energy.
You passively map a small area around you.
You do not regenerate.


Message History

Something hits you but does no damage. The orc hits you with a club.
Something hits you.
You barely miss the orc. You barely miss something. The orc barely misses you.
You hear some strange, mumbled words.
Something tries to affect you, but you resist.
You block the orc's attack.
You barely miss the orc. You hit something.
Something hits you but does no damage. You block the orc's attack.
You hit the orc. You miss something. Something hits you but does no damage.
The orc closely misses you. Something hits you but does no damage.
You barely miss the orc. You hit something.
The orc hits you but does no damage. You block something's attack.
You closely miss the orc. You slash something!
Reactivating autopickup.
You feel a bit more experienced. You block the orc's attack.
You closely miss the orc. The orc barely misses you.
The orc hits you with a club.
You slash the orc!
You kill the orc!
Things that are here:
a club; a leather armour; a dagger There isn't anything to butcher here.
Things that are here:
a dagger; a robe; an orc corpse You butcher the orc corpse.
J - 2 chunks of flesh
Things that are here:
a dagger; a robe; an orc skeleton
There is an open door, spattered with blood here.
You see here a short sword.
You open the door.
There is an open door here.
As you open the door, it creaks loudly!
There is an open door here.
Done exploring.
There is an open door here.
There is an open door here.
An orc comes into view. It is wielding a mace.
The orc shouts!
An orc is nearby!
The orc closely misses you.
You hit the orc. You block the orc's attack.
You slash the orc!
You kill the orc!
Things that are here:
a mace; a ring mail; an orc corpse You butcher the orc corpse.
J - 3 chunks of flesh (gained 1)
Things that are here:
a mace; a ring mail; an orc skeleton As you open the door, it creaks loudly!
There is an open door here.
There is a shaft here.
You fall through a shaft for 2 floors!
The shaft crumbles and collapses.
Found an escape hatch in the floor.
You now have 257 gold pieces (gained 7).
An orc wizard comes into view. It is wielding a dagger.
The orc wizard shouts!
The orc wizard casts a spell at you. You block the puff of flame.
An orc warrior comes into view. It is wielding a short sword.
An orc comes into view. It is wielding a trident.
The orc warrior shouts!
The orc shouts!
The orc moves out of view.
An orc comes into view. It is wielding a short sword.
The orc shouts!
The orc wizard casts a spell at you.
You easily resist.
Found a stone staircase leading up.
You barely miss the orc warrior. You closely miss the orc.
You hit the orc warrior but do no damage.
You block the orc warrior's attack. The orc hits you but does no damage.
The orc warrior barely misses you.
You barely miss the orc.
You hit the orc warrior but do no damage.
You block the orc's attack. The orc hits you but does no damage.
The orc warrior closely misses you.
You barely miss the orc. You barely miss the orc warrior.
The orc barely misses you. You block the orc warrior's attack.
You block the orc's attack.
You hit the orc.
You hit the orc warrior but do no damage.
The orc warrior hits you with a short sword!
* * * LOW HITPOINT WARNING * * *
The orc hits you but does no damage.
The orc warrior hits you but does no damage.
You hit the orc.
You kill the orc!
You hit the orc warrior but do no damage.
The orc warrior hits you but does no damage.
You hit the orc.
You hit the orc warrior but do no damage.
The orc closely misses you.
The orc warrior hits you with a short sword!
* * * LOW HITPOINT WARNING * * *
You hit the orc wizard. You hit the orc warrior.
The orc warrior hits you with a short sword!
You die...

, ░ , ...▒.. , ░ ,
..... , , , ,...... ,,
, ░░ , ,, .... , , ░
,, ░oo., ,,, ░ ░ ▒o▒ ░
.▒.., ▒▒.▒▒▒▒▒▒▒▒▒
.▒...▒ ░ ▒.oo▒g.....▒
....,, ▒...oo▒▒▒▒<▒
▒... ▒▒▒▒▒...▒.▒ ░
▒... ▒......▒▒.▒ ░
▒▒..▒▒▒▒.▒▒▒▒.▒▒.▒ ░
.........▒▒▒▒.▒▒..,░░,
▒.........▒▒.▒▒.. ,
▒...▒▒.......▒▒▒▒▒░ ░
▒▒▒▒▒▒▒......▒


You could see an orc warrior and an orc wizard.

Vanquished Creatures
  An ogre (D:4)
  A crimson imp (D:4)
  A centaur skeleton (D:4)
  An iguana (D:4)
  An orc wizard (D:4)
  A worker ant (D:4)
  6 adders
  An ooze (D:1)
  2 adder skeletons (D:4)
  2 worms (D:2)
  3 dart slugs
  7 leopard geckos
  5 orcs
  A ball python (D:2)
  5 giant cockroaches
  9 goblins
  8 hobgoblins
  2 quokkas (D:3)
  11 bats
  2 frilled lizards (D:1)
  7 kobolds
  11 rats
88 creatures vanquished.

Notes
Turn   | Place    | Note
-------+----------+-------------------------------------------
     0 | D:1      | Jesseh the Deep Dwarf Fighter began the quest for the Orb.
     0 | D:1      | Reached XP level 1. HP: 20/20 MP: 1/1
   297 | D:1      | Reached XP level 2. HP: 27/27 MP: 2/2
   596 | D:1      | Reached skill level 3 in Axes
   617 | D:1      | Reached skill level 3 in Fighting
   703 | D:1      | Reached XP level 3. HP: 31/34 MP: 3/3
  1250 | D:2      | Reached XP level 4. HP: 24/42 MP: 4/4
  1328 | D:2      | Reached skill level 4 in Axes
  2327 | D:3      | Reached skill level 4 in Armour
  2369 | D:3      | Reached XP level 5. HP: 37/49 MP: 5/5
  2882 | D:4      | Reached skill level 5 in Axes
  2907 | D:4      | HP: 11/49 [iguana (11)]
  2958 | D:4      | Reached XP level 6. HP: 34/57 MP: 6/6
  3363 | D:4      | You fall through a shaft for 2 floors!
  3386 | D:6      | Noticed an orc warrior
  3401 | D:6      | HP: 5/57 [orc warrior/short sword (13)]
  3402 | D:6      | Mangled by an orc warrior

Skill      XL: |  1  2  3  4  5 |
---------------+----------------+-----
Axes           | 3 4 5 |  5.9
Fighting       | 3 |  3.9
Armour         | 4 |  4.7
Shields        | |  3.2

Action                   |  1- 3 |  4- 6 || total
-------------------------+-------+-------++-------
Melee: War axe           |   123 |   231 ||   354
Evoke: Wand              |       |     2 ||     2
  Use: Scroll            |       |     3 ||     3
  Eat: Chunk             |     1 |     5 ||     6
       Bread ration      |       |     1 ||     1
Armor: Scale mail        |    53 |    83 ||   136
       Ring mail         |       |    30 ||    30
Dodge: Dodged            |    35 |    55 ||    90
Block: Shield            |    68 |   123 ||   191

Vault maps used:
D:1:      sevenhm_arrival_forest_fort_small_3, st_stairs_4
D:2:      first_bread
D:3:      serial_corexii_hall, corexii_hall_statues_l, corexii_hall_statues_t

Table legend:
 A = Turns spent in this place as a percentage of turns spent in the entire game.
 B = Non-inter-level travel turns spent in this place as a percentage of non-inter-level travel turns spent in the entire game.
 C = Inter-level travel turns spent in this place as a percentage of turns spent in this place.
 D = Turns resting spent in this place as a percentage of non-inter-level travel turns spent in this place.
 E = Turns spent auto-exploring this place as a percentage of non-inter-level travel turns spent in this place.
 F = Non-inter-level travel turns spent in this place divided by the number of levels of this place that you've seen.
                   A       B       C       D       E      F
               +-------+-------+-------+-------+-------+----------------------
         Total | 100.0 | 100.0 |   0.4 |   0.0 |   8.1 | 233.8
       Dungeon | 100.0 | 100.0 |   0.4 |   0.0 |   8.1 | 233.8
               +-------+-------+-------+-------+-------+----------------------

Table legend:
 A = Kills in this place as a percentage of kills in entire the game.
 B = Kills by you in this place as a percentage of kills by you in the entire game.
 C = Kills by friends in this place as a percentage of kills by friends in the entire game.
 D = Other kills in this place as a percentage of other kills in the entire game.
 E = Experience gained in this place as a percentage of experience gained in the entire game.
 F = Experience gained in this place divided by the number of levels of this place that you have seen.
                   A       B       C       D       E      F
               +-------+-------+-------+-------+-------+----------------------
         Total | 100.0 | 100.0 |  -nan |  -nan | 100.0 | 111.4
       Dungeon | 100.0 | 100.0 |  -nan |  -nan | 100.0 | 111.4
               +-------+-------+-------+-------+-------+----------------------
